| TOP OF THE 1ST |
|
Memphis Redbirds batting - Pitching for Indianapolis Indians : LHP John Mandarino
|
|
Pitching: LHP John Mandarino
|
|
|
Batting: RHB Josh Martin
|
0-0: Ball 1-0: Ball 2-0: Foul Ball, location: 2F 2-1: Ball 3-1: Swinging Strike 3-2: Foul Ball, location: 2F 3-2: SINGLE (Flyball, 89S, EV 94.4 MPH)
|
|
Batting: RHB Sam Sours
|
0-0: Grounds into double play, 5-4-3 (Groundball, 5S, EV 85.6 MPH)
|
|
Batting: RHB Klaas Meij
|
0-0: Called Strike 0-1: Called Strike 0-2: Fly out, F8 (Line Drive, 89M, EV 93.8 MPH)
|
| Top of the 1st over - 0 runs, 1 hit, 0 errors, 0 left on base; Memphis 0 - Indianapolis 0 |
| BOTTOM OF THE 1ST |
|
Indianapolis Indians batting - Pitching for Memphis Redbirds : RHP Marcos Vergara
|
|
Pitching: RHP Marcos Vergara
|
|
|
Batting: LHB Edwin Aguilar
|
0-0: Ball 1-0: Ball 2-0: Ball 3-0: Called Strike 3-1: Foul Ball, location: 2F 3-2: Base on Balls
|
|
Batting: RHB Hugo Zacarias
|
0-0: Ball 1-0: Foul Ball, location: 2F 1-1: Ball 2-1: Foul Ball, location: 2F 2-2: Foul Ball, location: 2F 2-2: Strikes out swinging Edwin Aguilar steals 2nd base Batter strikes out.
|
|
Batting: LHB Alberto Figueroa
|
0-0: Called Strike 0-1: Called Strike Balk! Edwin Aguilar to third 0-2: Ball 1-2: Fly out, F8 (Flyball, 8LD, EV 90.0 MPH) Runner from 3rd tags up, SCORES, throw by CF
|
|
Batting: RHB Alain Marquet
|
0-0: Ball 1-0: Swinging Strike 1-1: Swinging Strike 1-2: Foul Ball, location: 2F 1-2: Ground out 5-3 (Groundball, 56, EV 106.2 MPH)
|
| Bottom of the 1st over - 1 run, 0 hits, 0 errors, 0 left on base; Memphis 0 - Indianapolis 1 |
| TOP OF THE 2ND |
|
Memphis Redbirds batting - Pitching for Indianapolis Indians : LHP John Mandarino
|
|
Batting: RHB Andres Mendiola
|
0-0: Swinging Strike 0-1: Foul Ball, location: 2F 0-2: Ball 1-2: Ball 2-2: Strikes out swinging
|
|
Batting: RHB Joe Alley
|
0-0: Ball 1-0: Ball 2-0: Ball 3-0: Called Strike 3-1: Foul Ball, location: 2F 3-2: Strikes out swinging
|
|
Batting: RHB Dan Boykins
|
0-0: Called Strike 0-1: Swinging Strike 0-2: Strikes out swinging
|
| Top of the 2nd over - 0 runs, 0 hits, 0 errors, 0 left on base; Memphis 0 - Indianapolis 1 |
| BOTTOM OF THE 2ND |
|
Indianapolis Indians batting - Pitching for Memphis Redbirds : RHP Marcos Vergara
|
|
Batting: LHB Jorge Quintana
|
0-0: Ball 1-0: Called Strike 1-1: Foul Ball, location: 2F 1-2: Foul Ball, location: 2F 1-2: Strikes out looking
|
|
Batting: RHB Richard Barrios
|
0-0: SINGLE (Line Drive, 78S, EV 98.8 MPH)
|
|
Batting: LHB Gregg Kellerman
|
0-0: Foul Ball, location: 2F 0-1: Foul Ball, location: 2F 0-2: SINGLE (Flyball, 8RS, EV 91.2 MPH) Richard Barrios to second
|
|
Batting: RHB Hector Barajas
|
0-0: Swinging Strike 0-1: Called Strike 0-2: Strikes out swinging
|
|
Batting: RHB Nick Wicker
|
0-0: Ball Gregg Kellerman steals 2nd base Richard Barrios steals 3rd base 1-0: Called Strike 1-1: Ball 2-1: Foul Ball, location: 2F 2-2: Strikes out looking
|
| Bottom of the 2nd over - 0 runs, 2 hits, 0 errors, 2 left on base; Memphis 0 - Indianapolis 1 |
| TOP OF THE 3RD |
|
Memphis Redbirds batting - Pitching for Indianapolis Indians : LHP John Mandarino
|
|
Batting: SHB Gerardo Macias
|
0-0: Ball 1-0: Ball 2-0: Swinging Strike 2-1: Swinging Strike 2-2: Ball 3-2: Foul Ball, location: 2F 3-2: Base on Balls
|
|
Batting: LHB Sam Britt
|
0-0: Ball Wild Pitch! Gerardo Macias to second 1-0: Ball 2-0: SINGLE (Line Drive, 34D, EV 104.4 MPH) Gerardo Macias to third
|
|
Batting: LHB Adam Eisen
|
0-0: Foul Ball, location: 2F 0-1: Ball 1-1: Called Strike 1-2: Ball 2-2: Strikes out looking
|
|
Batting: RHB Josh Martin
|
0-0: Called Strike 0-1: Ball 1-1: Fly out, F3 (Popup, 23F, EV 83.8 MPH)
|
|
Batting: RHB Sam Sours
|
0-0: Called Strike 0-1: Ball 1-1: Ball 2-1: Called Strike 2-2: Strikes out swinging
|
| Top of the 3rd over - 0 runs, 1 hit, 0 errors, 2 left on base; Memphis 0 - Indianapolis 1 |
| BOTTOM OF THE 3RD |
|
Indianapolis Indians batting - Pitching for Memphis Redbirds : RHP Marcos Vergara
|
|
Batting: LHB Edwin Aguilar
|
0-0: Ball 1-0: Ball 2-0: Ball 3-0: Base on Balls
|
|
Batting: RHB Hugo Zacarias
|
0-0: Ball 1-0: Swinging Strike 1-1: Swinging Strike 1-2: Ball 2-2: Ball 3-2: Strikes out swinging
|
|
Batting: LHB Alberto Figueroa
|
0-0: Ball 1-0: Fly out, F8 (Line Drive, 8RM, EV 103.1 MPH)
|
|
Batting: RHB Alain Marquet
|
0-0: Called Strike 0-1: Ball 1-1: Ball 2-1: Ball 3-1: Base on Balls Edwin Aguilar to second
|
|
Batting: LHB Jorge Quintana
|
0-0: Ball 1-0: Called Strike 1-1: SINGLE (Line Drive, 56D, EV 108.1 MPH) Edwin Aguilar to third Alain Marquet to second
|
|
Batting: RHB Richard Barrios
|
0-0: Called Strike 0-1: Called Strike 0-2: Fly out, F7 (Flyball, 7LSF, EV 74.4 MPH)
|
| Bottom of the 3rd over - 0 runs, 1 hit, 0 errors, 3 left on base; Memphis 0 - Indianapolis 1 |
| TOP OF THE 4TH |
|
Memphis Redbirds batting - Pitching for Indianapolis Indians : LHP John Mandarino
|
|
Batting: RHB Klaas Meij
|
0-0: Called Strike 0-1: Ball 1-1: Ground out 6-3 (Groundball, 6, EV 90.0 MPH)
|
|
Batting: RHB Andres Mendiola
|
0-0: Ball 1-0: Ball 2-0: Swinging Strike 2-1: Called Strike 2-2: Ball 3-2: Fly out, F7 (Flyball, 7S, EV 87.5 MPH)
|
|
Batting: RHB Joe Alley
|
0-0: Ball 1-0: Fly out, F8 (Flyball, 8RM, EV 84.4 MPH)
|
| Top of the 4th over - 0 runs, 0 hits, 0 errors, 0 left on base; Memphis 0 - Indianapolis 1 |
| BOTTOM OF THE 4TH |
|
Indianapolis Indians batting - Pitching for Memphis Redbirds : RHP Marcos Vergara
|
|
Batting: LHB Gregg Kellerman
|
0-0: Ground out 5-3 (Groundball, 6, EV 88.1 MPH)
|
|
Batting: RHB Hector Barajas
|
0-0: Ball 1-0: Ball 2-0: Called Strike 2-1: Foul Ball, location: 2F 2-2: Strikes out swinging, 2-3 out at first.
|
|
Batting: RHB Nick Wicker
|
0-0: Ball 1-0: Reached on error, E2 (Groundball, 15S, EV 77.5 MPH)
|
|
Batting: LHB Edwin Aguilar
|
0-0: Called Strike 0-1: Called Strike 0-2: Ground out 4-3 (Groundball, 4, EV 87.5 MPH)
|
| Bottom of the 4th over - 0 runs, 0 hits, 1 error, 1 left on base; Memphis 0 - Indianapolis 1 |
| TOP OF THE 5TH |
|
Memphis Redbirds batting - Pitching for Indianapolis Indians : LHP John Mandarino
|
|
Batting: RHB Dan Boykins
|
0-0: Foul Ball, location: 2F 0-1: Swinging Strike 0-2: Ball 1-2: Foul Ball, location: 2F 1-2: Ball 2-2: Ground out 5-3 (Groundball, 56S, EV 93.1 MPH)
|
|
Batting: SHB Gerardo Macias
|
0-0: Fly out, F9 (Flyball, 9D, EV 108.8 MPH)
|
|
Batting: LHB Sam Britt
|
0-0: Fly out, F8 (Line Drive, 8RM, EV 101.2 MPH)
|
| Top of the 5th over - 0 runs, 0 hits, 0 errors, 0 left on base; Memphis 0 - Indianapolis 1 |
| BOTTOM OF THE 5TH |
|
Indianapolis Indians batting - Pitching for Memphis Redbirds : RHP Marcos Vergara
|
|
Batting: RHB Hugo Zacarias
|
0-0: Foul Ball, location: 2F 0-1: Called Strike 0-2: Hit by Pitch
|
|
Batting: LHB Alberto Figueroa
|
0-0: Grounds into double play, U6-3 (Groundball, 4M, EV 87.5 MPH)
|
|
Batting: RHB Alain Marquet
|
0-0: Foul Ball, location: 2F 0-1: Ball 1-1: Foul Ball, location: 2F 1-2: Ball 2-2: Foul Ball, location: 2F 2-2: Ball 3-2: Base on Balls
|
|
Batting: LHB Jorge Quintana
|
0-0: Ball 1-0: Foul Ball, location: 2F 1-1: Ball 2-1: Fielders Choice at 2nd, 6-4 (Groundball, 6, EV 81.2 MPH)
|
| Bottom of the 5th over - 0 runs, 0 hits, 0 errors, 1 left on base; Memphis 0 - Indianapolis 1 |
| TOP OF THE 6TH |
|
Memphis Redbirds batting - Pitching for Indianapolis Indians : LHP John Mandarino
|
|
Batting: LHB Adam Eisen
|
0-0: Foul Ball, location: 2F 0-1: Fly out, F9 (Flyball, 9LM, EV 87.5 MPH)
|
|
Batting: RHB Josh Martin
|
0-0: Called Strike 0-1: Ground out 5-3 (Groundball, 56, EV 105.0 MPH)
|
|
Batting: RHB Sam Sours
|
0-0: Ball 1-0: Foul Ball, location: 2F 1-1: Foul Ball, location: 2F 1-2: Strikes out swinging
|
| Top of the 6th over - 0 runs, 0 hits, 0 errors, 0 left on base; Memphis 0 - Indianapolis 1 |
| BOTTOM OF THE 6TH |
|
Indianapolis Indians batting - Pitching for Memphis Redbirds : RHP Marcos Vergara
|
|
Batting: RHB Richard Barrios
|
0-0: Ball 1-0: Called Strike 1-1: Foul Ball, location: 2F 1-2: Ball 2-2: Strikes out swinging
|
|
Pitching: RHP Dave Reisinger
|
|
|
Batting: LHB Gregg Kellerman
|
0-0: Ball 1-0: Called Strike 1-1: Ball 2-1: Foul Ball, location: 2F 2-2: Foul Ball, location: 2F 2-2: Ball 3-2: Strikes out swinging
|
|
Batting: RHB Hector Barajas
|
0-0: Called Strike 0-1: Ball 1-1: Called Strike 1-2: Ball 2-2: Foul Ball, location: 2F 2-2: Ball 3-2: Foul Ball, location: 2F 3-2: DOUBLE (Flyball, 89XD, EV 96.2 MPH)
|
|
Batting: RHB Nick Wicker
|
0-0: Ball 1-0: Called Strike 1-1: Ball 2-1: Foul Ball, location: 2F 2-2: Ball 3-2: Ground out 5-3 (Groundball, 56, EV 83.8 MPH)
|
| Bottom of the 6th over - 0 runs, 1 hit, 0 errors, 1 left on base; Memphis 0 - Indianapolis 1 |
| TOP OF THE 7TH |
|
Memphis Redbirds batting - Pitching for Indianapolis Indians : LHP John Mandarino
|
|
Batting: RHB Klaas Meij
|
0-0: Foul Ball, location: 2F 0-1: Swinging Strike 0-2: Ball 1-2: Strikes out swinging
|
|
Batting: RHB Andres Mendiola
|
0-0: Ball 1-0: Called Strike 1-1: Ball 2-1: Ground out 4-3 (Groundball, 4S, EV 66.9 MPH)
|
|
Batting: RHB Joe Alley
|
0-0: Foul Ball, location: 2F 0-1: DOUBLE (Line Drive, 89M, EV 106.2 MPH)
|
|
Batting: RHB Dan Boykins
|
0-0: Called Strike 0-1: Called Strike 0-2: Strikes out swinging
|
| Top of the 7th over - 0 runs, 1 hit, 0 errors, 1 left on base; Memphis 0 - Indianapolis 1 |
| BOTTOM OF THE 7TH |
|
Indianapolis Indians batting - Pitching for Memphis Redbirds : RHP Dave Reisinger
|
|
Pitching: RHP Doug Nickey
|
|
|
Batting: LHB Edwin Aguilar
|
0-0: Ball 1-0: Called Strike 1-1: Foul Ball, location: 2F 1-2: Strikes out swinging
|
|
Batting: RHB Hugo Zacarias
|
0-0: Fly out, F9 (Flyball, 89M, EV 92.5 MPH)
|
|
Batting: LHB Alberto Figueroa
|
0-0: Ball 1-0: Swinging Strike 1-1: Swinging Strike 1-2: Ball 2-2: Foul Ball, location: 2F 2-2: Foul Ball, location: 2F 2-2: Strikes out swinging
|
| Bottom of the 7th over - 0 runs, 0 hits, 0 errors, 0 left on base; Memphis 0 - Indianapolis 1 |
| TOP OF THE 8TH |
|
Memphis Redbirds batting - Pitching for Indianapolis Indians : LHP John Mandarino
|
|
Batting: SHB Gerardo Macias
|
0-0: Fly out, F7 (Line Drive, 7LM, EV 97.5 MPH)
|
|
Batting: LHB Sam Britt
|
0-0: Ball 1-0: Fly out, F5 (Popup, 25F, EV 78.1 MPH)
|
|
Pinch Hitting: RHB Mark Cahill
|
0-0: Ball 1-0: Called Strike 1-1: Ball 2-1: Swinging Strike 2-2: Strikes out swinging
|
| Top of the 8th over - 0 runs, 0 hits, 0 errors, 0 left on base; Memphis 0 - Indianapolis 1 |
| BOTTOM OF THE 8TH |
|
Indianapolis Indians batting - Pitching for Memphis Redbirds : RHP Doug Nickey
|
|
Now in CF: Sam Sours
|
|
|
Now in RF: Mark Cahill
|
|
|
Batting: RHB Alain Marquet
|
0-0: Swinging Strike 0-1: Ball 1-1: Ball 2-1: Fly out, F8 (Flyball, 8RM, EV 82.5 MPH)
|
|
Batting: LHB Jorge Quintana
|
0-0: Foul Ball, location: 2F 0-1: Called Strike 0-2: Ball 1-2: Foul Ball, location: 2F 1-2: Ball 2-2: Foul Ball, location: 2F 2-2: Ball 3-2: Strikes out swinging
|
|
Batting: RHB Richard Barrios
|
0-0: Reached on error, E6 (Groundball, 6, EV 86.2 MPH)
|
|
Batting: LHB Gregg Kellerman
|
0-0: Called Strike 0-1: Foul Ball, location: 2F 0-2: Foul Ball, location: 2F 0-2: Ball 1-2: Foul Ball, location: 2F 1-2: Strikes out swinging
|
| Bottom of the 8th over - 0 runs, 0 hits, 1 error, 1 left on base; Memphis 0 - Indianapolis 1 |
| TOP OF THE 9TH |
|
Memphis Redbirds batting - Pitching for Indianapolis Indians : LHP John Mandarino
|
|
Pitching: RHP Robby Poyfair
|
|
|
Batting: RHB Josh Martin
|
0-0: Foul Ball, location: 2F 0-1: Swinging Strike 0-2: Foul Ball, location: 2F 0-2: Ball 1-2: Strikes out swinging
|
|
Pinch Hitting: LHB Tsutomu Miyahara
|
0-0: Ball 1-0: Ground out U3 (Groundball, 3, EV 80.0 MPH)
|
|
Batting: RHB Klaas Meij
|
0-0: Ball 1-0: Swinging Strike 1-1: Fly out, F9 (Line Drive, 9, EV 103.8 MPH)
|
| Top of the 9th over - 0 runs, 0 hits, 0 errors, 0 left on base; Memphis 0 - Indianapolis 1 |
|